AoeStats
← Slippery|Pete|

Arena

507597479Analyzed
1v1 RM · 15d ago on Sep 18, 2026· 65m 4s· 2 players
Game mode
Random Map
Map size
Tiny (2 player)
Population
200
Speed
Normal
Resources
Standard
Victory
Conquest
Starting age
Dark Age
Ending age
Imperial Age
RankedLock teamsTeams togetherTeam positionsShared explorationLock speedFull tech treeHidden civsTurbo modeCheats
Victory
Defeat
🇺🇸 Britons · United States
960
+16
🇦🇹 Italians · Austria
959
-16
risadevenganza
7:52 Loom
12:08 Feudal Age
13:42 Wheelbarrow
12:57 Double-Bit Axe
13:05 Horse Collar
16:54 Castle Age
16:55 Fletching
17:05 Padded Archer Armor
18:14 Bow Saw
20:52 Stone Mining
25:08 Hand Cart
24:40 Town Watch
25:31 Town Patrol
27:12 Treadmill Crane
30:10 Imperial Age
29:26 Ballistics
29:04 Bodkin Arrow
29:22 Gold Mining
32:24 Conscription
31:26 Elite Skirmisher
32:12 Thumb Ring
32:56 Bracer
35:28 Leather Archer Armor
37:03 Chemistry
36:59 Ring Archer Armor
36:41 Forging
36:38 Scale Barding Armor
37:03 Light Cavalry
37:53 Bloodlines
37:44 Husbandry
39:26 Hoardings
38:12 Elite Genoese Crossbowman
38:35 Hussar
39:56 Iron Casting
39:47 Guilds
39:57 Masonry
39:33 Arrowslits
41:41 Blast Furnace
41:00 Cavalier
42:10 Chain Barding Armor
41:51 Scale Mail Armor
45:11 Heavy Plow
46:32 Two-Man Saw
47:11 Architecture
46:51 Fortified Wall
46:39 Man-at-Arms
47:49 Elite Genoese Crossbowman
49:32 Crop Rotation
50:35 Plate Barding Armor
53:36 Onager
56:08 Chain Mail Armor
56:10 Long Swordsman
56:51 Squires
57:50 Plate Mail Armor
57:03 Two-Handed Swordsman
57:39 Champion
Slippery|Pete|
11:30 Feudal Age
16:07 Castle Age
14:13 Double-Bit Axe
14:18 Horse Collar
15:18 Gold Mining
17:48 Bow Saw
19:04 Loom
20:12 Wheelbarrow
22:42 Pikeman
23:36 Fletching
24:11 Crossbowman
24:50 Bodkin Arrow
29:32 Imperial Age
27:50 Gold Shaft Mining
27:07 Stone Mining
27:28 Padded Archer Armor
27:35 Squires
27:45 Gambesons
29:57 Leather Archer Armor
29:43 Scale Mail Armor
29:53 Forging
30:40 Conscription
30:58 Bracer
31:22 Ballistics
31:02 Halberdier
31:17 Arbalester
33:10 Warwolf
34:30 Two-Man Saw
34:26 Ring Archer Armor
36:31 Chemistry
36:12 Hand Cart
36:41 Town Watch
38:29 Chain Mail Armor
38:49 Iron Casting
39:42 Plate Mail Armor
42:08 Yeomen
44:43 Blast Furnace
63:48 Elite Skirmisher
Connection lost

Rejoining the realm…

Still unreachable

The connection could not be restored.

Session expired

The server has moved on; the page needs a fresh start.